 Dungeon Crawl Stone Soup version 0.28.0-53-g5a82cb258f (webtiles) character file.

Game seed: 17740606612393379505

441 issech the Chopper (level 6, -1/55 HPs)
             Began as a Minotaur Monk on May 22, 2022.
             Slain by a hound (3 damage)
             ... on level 5 of the Dungeon.
             The game lasted 00:12:27 (4110 turns).

issech the Chopper (Minotaur Monk)                  Turns: 4110, Time: 00:12:27

Health: -1/55      AC:  9    Str: 15    XL:     6   Next: 70%
Magic:  5/5        EV:  7    Int:  7    God:
Gold:   164        SH:  3    Dex: 15    Spells: 5/5 levels left

rFire   . . .      SeeInvis .   K - +0 morningstar
rCold   . . .      Faith    .   b - +0 buckler
rNeg    . . .      Spirit   .   f - +0 chain mail
rPois   .          Reflect  .   (helmet restricted)
rElec   .          Harm     .   (no cloak)
rCorr   .          Rampage  .   (no gloves)
Will    .....                   (no boots)
Stlth   ..........              (no amulet)
HPRegen 0.18/turn               (no ring)
MPRegen 0.09/turn               (no ring)

@: marked
A: horns 2, retaliatory headbutt
a: no special abilities


You were on level 5 of the Dungeon.
You visited 1 branch of the dungeon, and saw 5 of its levels.

You collected 164 gold pieces.

Inventory:

Hand Weapons
 a - a +0 hand axe
 i - a +0 short sword
 r - a +0 spear
 w - a +0 hunting sling
 B - the +1 whip of Icunebb {vamp, Fly Int+4 Stlth+}
   (You found it on level 4 of the Dungeon)

   It occasionally heals its wielder for a portion of the damage dealt when it
   wounds a living foe.
   Int:       It affects your intelligence (+4).
   Fly:       It grants you flight.
   Stlth:     It makes you more stealthy.
 F - a +0 trident of venom
 I - a +0 falchion
 K - a +0 morningstar (weapon)
 M - a +1 dagger of distortion
Missiles
 e - 59 sling bullets
 p - 24 bolts
 u - 159 stones
 v - a throwing net
 D - 5 boomerangs (quivered)
 O - 6 curare-tipped darts
Armour
 b - a +0 buckler (worn)
 f - a +0 chain mail (worn)
 n - a +0 scale mail
 t - a +0 leather armour
 E - a +0 ring mail
Magical Staves
 y - a staff of conjuration
Jewellery
 o - a ring of ice
 G - a ring of fire
Wands
 l - a wand of mindburst (1)
Scrolls
 c - 2 scrolls of vulnerability {unknown}
 d - 2 scrolls of immolation
 g - a scroll of magic mapping {unknown}
 h - a scroll of fear
 j - 2 scrolls of noise
 z - a scroll of enchant armour {unknown}
 C - a scroll of blinking {unknown}
 H - a scroll of teleportation
Potions
 k - a potion of degeneration {unknown}
 m - 3 potions of curing {unknown}
 q - a potion of mutation {unknown}
 s - 2 potions of heal wounds {unknown}
 x - 3 potions of attraction {unknown}
 A - a potion of cancellation {unknown}
 J - a potion of resistance {unknown}


   Skills:
 + Level 4.9 Fighting
 + Level 5.4(5.6) Axes
 + Level 1.7(3.9) Maces & Flails
 + Level 1.7 Throwing
 + Level 3.8 Armour
 + Level 4.2 Dodging
 + Level 2.2 Stealth
 + Level 0.1 Shields


You had 5 spell levels left.
You didn't know any spells.
Your spell library contained the following spells:

 Spells                   Type           Power      Damage    Failure   Level
 Gell's Gravitas          Tloc           0%         N/A       100%        3
 Teleport Other           Tloc           0%         N/A       100%        3
 Dispersal                Tloc           0%         N/A       100%        6


Dungeon Overview and Level Annotations

Branches:
Dungeon (5/15)
 Temple: D:4-7

Altars:
Cheibriados
Uskayaw
Zin

Shops:
D:4 !


Innate Abilities, Weirdness & Mutations

You have a pair of horns on your head.
You reflexively headbutt those who attack you in melee.


Message History

The ogre is lightly wounded.
You throw a boomerang. The boomerang hits the ogre.
The ogre is moderately wounded.
You throw a boomerang. The boomerang hits the ogre.
The ogre is moderately wounded.
The ogre hits you with a +0 giant club!
You throw a boomerang. The boomerang barely misses the ogre.
The ogre hits you with a +0 giant club!
You sock the ogre! Your headbutt misses the ogre.
The ogre is severely wounded.
You block the ogre's attack.
You barely miss the ogre.
The ogre is severely wounded.
The ogre hits you with a +0 giant club!!
* * * LOW HITPOINT WARNING * * *
You barely miss the ogre.
The ogre is severely wounded.
The ogre barely misses you.
Found a white potion.
Found a citrine-encrusted ring mail.
Found a short sword.
You see here 3 poisoned darts.
A hound comes into view.
The ogre barely misses you.
A sourceless malevolence fills the Dungeon...
With a horrendous wail, an alarm goes off!
A sentinel's mark forms upon you.
You hear a shout!
You hear an angry hiss.
You hear a shout!
You block the hound's attack.
You closely miss the hound. The hound bites you.
* * * LOW HITPOINT WARNING * * *
The hound bites you but does no damage.
You barely miss the hound. The hound bites you.
* * * LOW HITPOINT WARNING * * *
The hound bites you.
* * * LOW HITPOINT WARNING * * *
An ufetubus comes into view.
The hound bites you but does no damage. The hound bites you.
You die...

#### ##### ##... ...#
##...#########.###
#................#
#...O####......#.#####
###...h####.....(..<....
#.......@.5.......#.#####
#.##....##........#.![ #
#.#.###......#####.# #.#.
#.#..... .# # #.
#......).. .
......##...... .. ......
.......# #.


You could see an ogre, a hound and an ufetubus.

Vanquished Creatures
  A phantom (D:4)
  3 vampire bats (D:3)
  A hound (D:4)
  A jelly (D:4)
  An iguana (D:4)
  Jessica (D:3)
  Ijyb (D:3)
  3 adders
  An ufetubus (D:4)
  2 worms
  3 dart slugs
  7 ball pythons
  4 endoplasms
  3 giant cockroaches
  8 hobgoblins
  2 jackals (D:4)
  6 kobolds
  2 quokkas
  11 bats
  7 frilled lizards
  8 goblins
  6 rats
82 creatures vanquished.

Notes
Turn   | Place    | Note
-------+----------+-------------------------------------------
     0 | D:1      | issech the Minotaur Monk began the quest for the Orb.
     0 | D:1      | Reached XP level 1. HP: 19/19 MP: 0/0
   240 | D:1      | Reached XP level 2. HP: 23/27 MP: 1/1
   480 | D:1      | Reached skill level 4 in Axes
   579 | D:1      | Reached XP level 3. HP: 24/33 MP: 2/2
   832 | D:1      | Found a faded altar of an unknown god.
  1724 | D:2      | Reached skill level 1 in Armour
  1912 | D:3      | Found a hide-covered altar of Uskayaw.
  1914 | D:3      | Found a snail-covered altar of Cheibriados.
  2044 | D:3      | Reached XP level 4. HP: 33/40 MP: 3/3
  2128 | D:3      | Noticed Ijyb
  2142 | D:3      | Killed Ijyb
  2428 | D:3      | Reached XP level 5. HP: 43/46 MP: 4/4
  2466 | D:3      | Reached skill level 5 in Axes
  2742 | D:3      | Noticed Jessica
  2752 | D:3      | Killed Jessica
  3266 | D:4      | Reached skill level 1 in Maces & Flails
  3266 | D:4      | Reached XP level 6. HP: 47/53 MP: 5/5
  3345 | D:4      | Found a glowing silver altar of Zin.
  3410 | D:4      | Reached skill level 1 in Throwing
  3712 | D:4      | Found Sakhlec's Distillery.
  3726 | D:4      | Identified the +1 whip of Icunebb {vamp, Fly Int+4 Stlth+}
  4084 | D:5      | Entered Level 5 of the Dungeon
  4107 | D:5      | HP: 2/55 [hound (2)]
  4110 | D:5      | Slain by a hound

Illustrated notes

Levels and vault maps discovered:
D:1:      ebering_trefoil_twist, layout_rooms, shapermc_ecumenical_altar_petra,
          minmay_tetromino_i2
D:2:      layout_loops_ring
D:3:      layout_loops_ring, chequers_temple_overflow_statue_of_worship,
          kennysheep_big_empty_room, roderic_batcave,
          chequers_serial_rivers_room_a, uniq_jessica, uniq_ijyb
D:4:      layout_basic, mainiacjoe_overflow_brackets, serial_shops, shop,
          grunt_ministairs_13
D:5:      layout_loops_ring, mainiacjoe_overflow_alcove_1, guppyfry_shop_venom

Skill      XL: |  1  2  3  4  5  6 |
---------------+-------------------+-----
Axes           | 4 5 |  5.4
Fighting       | 4 |  4.9
Dodging        | 4 |  4.2
Stealth        | 2 |  2.2
Armour         | 1 2 3 |  3.8
Maces & Flails | 1 |  1.7
Throwing       | 1 |  1.7
Shields        | |  0.1

Action                   |  1- 3 |  4- 6 || total
-------------------------+-------+-------++-------
Melee: Hand axe          |   126 |    19 ||   145
       Headbutt          |    14 |    12 ||    26
       Punch             |     1 |       ||     1
       Morningstar       |       |    72 ||    72
Throw: Boomerang         |       |    42 ||    42
  Use: Scroll            |       |     4 ||     4
Armor: Robe              |    12 |       ||    12
       Chain mail        |    41 |    86 ||   127
Dodge: Dodged            |    79 |    47 ||   126
Block: Buckler           |       |    10 ||    10
